Map: Shrines of Lizul

Players

Daou - Winner!

  • Race: Terran Terran
  • Spawn Location: 3:00

Dhurke - Winner!

  • Race: Terran Terran
  • League: Diamond
  • Spawn Location: 12:00

OpuS

  • Race: Protoss Protoss
  • League: Platinum
  • Spawn Location: 9:00

Sketchaphone

  • Race: Zerg Zerg
  • League: Platinum
  • Spawn Location: 6:00

VOD

Have the link to the VOD?

Description

Time

  • Played on: Feb. 12, 2019, 8:48 p.m.
  • Length: 12:07
Show
View Real Time Build Order
Export as new Build Order

Daou Terran - Winner!

Build Orders: Hellion Opening 

Get SALT Encoding   

  12  0:01  SCV  
  13  0:13  SCV  
  14  0:18  Supply Depot  
  14  0:25  SCV  
  15  0:40  SCV  
  16  0:43  Barracks  
  16  0:52  SCV  
  16  0:55  Refinery  
  17  1:03  Refinery  
  17  1:04  SCV  
  18  1:16  SCV  
  19  1:31  Marine  
  20  1:33  Orbital Command  
  20  1:34  Supply Depot  
  21  1:59  Factory  
  21  2:02  Barracks Reactor  
  21  2:04  SCV  
  21  2:10  Supply Depot  
  21  2:26  SCV  
  22  2:45  Armory  
  22  2:52  Hellion x2  
  26  3:02  Command Center  
  26  3:03  SCV  
  27  3:13  Hellion x2  
  31  3:26  SCV  
  32  3:34  Hellion  
  32  3:35  Hellion  
  36  3:44  Factory  
  36  3:58  Hellion  
  38  4:14  Hellion  
  38  4:22  Hellion  
  32  4:35  Hellion  
  32  4:40  Factory Tech Lab  
  32  4:43  SCV, Starport  
  33  4:46  Orbital Command  
  33  4:55  SCV  
  32  5:07  SCV  
  30  5:20  SCV  
  31  5:27  SCV  
  27  5:32  SCV  
  21  5:36  Hellbat x2  
  21  5:39  SCV  
  21  5:41  Hellbat  
  26  5:44  SCV  
  26  6:03  Hellbat  
  25  6:08  SCV  
  25  6:09  SCV  
  20  6:15  Cyclone  
  20  6:20  SCV  
  20  6:21  SCV  
  22  6:27  Medivac  
  22  6:28  Barracks Reactor  
  22  6:29  Factory Tech Lab  
  24  6:33  Infernal Pre-Igniter, SCV x2  
  26  6:45  SCV  
  27  6:54  Cyclone  
  27  6:57  Cyclone  
  33  7:09  Mag-Field Accelerator  
  36  7:30  Cyclone  
  34  7:45  Cyclone  
  34  7:47  SCV  
  38  7:55  SCV  
  39  8:02  Cyclone  
  39  8:07  SCV  
  40  8:14  Medivac x2  
  40  8:17  Hellion  
  46  8:34  Hellion  
  46  8:39  Hellion  
  48  8:55  Hellion  
  48  9:00  Hellion  
  36  9:17  Hellion  
  36  9:21  Hellion  
  34  9:30  Medivac x2  
  38  9:33  Hellion x2  
  38  9:38  Cyclone  
  41  9:43  Cyclone  
  42  10:10  Hellion  
  40  10:15  Hellion  
  42  10:32  Hellion  
Show
View Real Time Build Order
Export as new Build Order

Dhurke Terran - Winner!

Build Orders:  

Get SALT Encoding   

  12  0:01  SCV  
  13  0:13  SCV  
  14  0:18  Supply Depot  
  14  0:25  SCV  
  15  0:40  SCV  
  16  0:50  Barracks, Refinery  
  16  0:52  SCV  
  18  1:04  SCV  
  18  1:16  SCV  
  20  1:37  Orbital Command  
  20  1:38  Reaper  
  20  1:52  Command Center  
  20  1:58  Supply Depot  
  20  2:03  SCV  
  21  2:10  Marine  
  22  2:22  SCV  
  23  2:28  Refinery  
  23  2:29  Factory  
  23  2:31  Barracks Reactor  
  23  2:40  SCV  
  24  2:52  SCV  
  25  3:04  SCV  
  25  3:05  Orbital Command  
  26  3:07  Marine x2  
  28  3:19  Starport  
  27  3:25  Marine x2  
  29  3:29  Factory Tech Lab  
  29  3:30  SCV  
  29  3:31  Orbital Command  
  29  3:32  Engineering Bay  
  30  3:42  SCV  
  30  3:43  Marine x2  
  30  3:47  Siege Tank  
  36  3:54  Refinery  
  36  4:01  Marine x2, Medivac  
  40  4:04  SCV x2  
  42  4:18  Marine x2  
  44  4:36  Marine x2  
  44  4:37  Siege Tank, Medivac  
  46  4:39  SCV  
  46  4:42  SCV  
  46  4:44  Barracks, Supply Depot  
  46  4:45  Supply Depot  
  46  4:59  Barracks  
  46  5:05  Marine x2, SCV x2  
  50  5:11  Liberator  
  50  5:17  Supply Depot  
  50  5:18  SCV x2  
  52  5:22  Terran Infantry Weapons Level 1  
  52  5:23  Marine x2  
  52  5:24  Siege Tank  
  56  5:46  Marine x2  
  56  5:47  Marine  
  56  5:48  Barracks Tech Lab  
  59  5:51  SCV x2  
  61  6:16  Marine  
  61  6:17  Marine x3  
  65  6:21  Stimpack  
  65  6:23  Siege Tank, Starport Reactor  
  65  6:24  SCV x2  
  70  6:29  Refinery  
  70  6:30  Supply Depot  
  70  6:31  Supply Depot x4  
  70  6:35  Barracks Reactor  
  70  6:40  Barracks  
  70  6:41  Barracks  
  70  6:51  Marine x3  
  70  6:52  SCV x2  
  75  6:55  Siege Tank  
  75  6:59  Liberator  
  75  7:00  Liberator  
  78  7:04  SCV x2  
  80  7:15  Marine x3  
  82  7:16  SCV x2  
  91  7:28  SCV x2  
  93  7:30  Marine  
  95  7:41  Marine x2  
  95  7:42  Marine x2  
  99  7:44  Barracks Reactor  
  99  7:47  Barracks Reactor  
  99  7:48  Siege Tank, Marine  
  101  7:55  Liberator  
  101  7:57  Liberator  
  101  8:04  SCV x2  
  101  8:05  Marine x3  
  103  8:20  Siege Tank  
  103  8:24  Marine x7  
  103  8:25  Marine  
  107  8:29  Marine  
  108  8:36  Missile Turret x2  
  108  8:38  Missile Turret  
  108  8:44  Marine x2  
  108  8:45  Marine  
  110  8:49  Missile Turret  
  110  9:02  Marine  
  110  9:09  Marine x2  
  110  9:13  Supply Depot x2  
  110  9:15  Supply Depot  
  110  9:16  Marine  
  110  9:17  Liberator x2  
  110  9:20  Siege Tank  
  110  9:31  Missile Turret  
  110  9:32  Missile Turret  
  110  9:34  Marine x3, Missile Turret  
  114  9:52  Siege Tank  
  117  9:55  Marine x9  
  115  10:13  Marine x5  
  110  10:30  Marine  
  110  10:31  Marine x2  
  110  10:33  SCV x2  
  115  10:45  SCV x2  
  116  10:52  Marine x2  
  116  10:53  Marine  
  118  11:04  Marine x3  
  118  11:05  Marine  
  120  11:18  Marine x4  
  119  11:19  Marine  
  119  11:22  Marine x3  
  124  11:29  Marine  
  123  11:36  Marine x3  
  126  11:42  Missile Turret  
  126  11:43  Missile Turret  
  126  11:45  Missile Turret  
  126  12:02  Barracks  
  126  12:04  Barracks  
  126  12:06  Command Center  
Show
View Real Time Build Order
Export as new Build Order

OpuS Protoss 

Build Orders: 1 Gate Expand 

Get SALT Encoding   

  12  0:01  Probe  
  13  0:13  Probe  
  14  0:19  Pylon  
  14  0:25  Probe  
  15  0:39  Gateway, Probe  
  16  0:47  Probe  
  16  0:55  Assimilator, Probe  
  17  1:04  Probe  
  19  1:12  Probe  
  20  1:29  Cybernetics Core  
  20  1:40  Nexus  
  20  1:47  Pylon  
  20  1:50  Warp Gate  
  20  1:53  Probe  
  20  2:05  Probe  
  21  2:10  Stalker  
  23  2:17  Assimilator, Probe  
  24  2:29  Probe  
  25  2:32  Gateway  
  25  2:45  Gateway  
  24  3:02  Probe  
  24  3:04  Probe  
  25  3:13  Robotics Facility  
  25  3:17  Adept  
  25  3:19  Adept  
  29  3:23  Probe x2  
  31  3:35  Probe x2  
  31  3:41  Stalker  
  35  3:47  Probe  
  36  3:59  Stalker x2  
  36  4:02  Probe x2  
  42  4:05  Stalker  
  44  4:22  Stalker  
  46  4:27  Pylon  
  46  4:29  Pylon  
  42  4:32  Stalker x2  
  46  4:43  Twilight Council  
  46  4:45  Probe x2  
  48  4:51  Pylon  
  48  4:57  Probe x2  
  45  5:15  Zealot x3  
  47  5:37  Stalker x3  
  53  5:51  Assimilator  
  53  5:53  Assimilator  
  53  6:04  Blink  
  53  6:11  Immortal  
  43  6:19  Probe x2  
  47  6:27  Stalker x2  
  47  6:31  Probe  
  52  6:38  Pylon  
  52  6:52  Zealot x2  
  52  6:53  Zealot  
  58  6:59  Gateway, Probe  
  58  7:00  Gateway  
  59  7:01  Probe  
  60  7:14  Stalker  
  60  7:15  Stalker  
  64  7:19  Stalker  
  64  7:21  Probe x2  
  68  7:43  Zealot x3  
  64  7:47  Immortal  
  68  7:57  Charge  
  68  7:58  Zealot x2  
  68  8:03  Probe x2  
  54  8:25  Zealot x5  
  54  8:26  Probe  
  54  8:27  Probe  
  56  8:38  Probe  
  57  8:46  Adept  
  57  8:47  Adept x4  
  67  8:53  Robotics Bay  
  65  8:56  Probe x2  
  61  9:08  Probe, Adept x4  
  61  9:09  Adept  
  64  9:21  Shield Battery  
  64  9:23  Shield Battery  
  64  9:25  Shield Battery  
  64  9:29  Stalker x2  
  64  9:30  Stalker  
  70  9:43  Stalker x2  
  74  9:53  Stalker x2  
  74  10:07  Disruptor  
Show
View Real Time Build Order
Export as new Build Order

Sketchaphone Zerg 

Build Orders: Pool First 

Get SALT Encoding   

  12  0:04  Drone  
  13  0:13  Drone  
  14  0:29  Spawning Pool  
  14  0:35  Overlord  
  13  0:39  Drone  
  14  0:43  Extractor  
  14  0:45  Drone  
  15  0:53  Drone  
  15  0:57  Drone  
  17  1:10  Extractor  
  16  1:19  Hatchery  
  16  1:23  Drone  
  16  1:34  Drone  
  17  1:41  Queen  
  17  1:43  Drone  
  17  1:45  Drone  
  21  1:51  Drone  
  22  2:02  Overlord  
  22  2:16  Metabolic Boost  
  21  2:30  Zergling x2  
  21  2:33  Queen  
  21  2:34  Queen  
  21  2:35  Drone x2  
  28  2:42  Overlord  
  28  2:46  Zergling x2  
  29  2:52  Overlord  
  29  3:04  Evolution Chamber  
  28  3:10  Overlord  
  28  3:15  Drone x4  
  31  3:33  Zerg Melee Weapons Level 1  
  31  3:34  Overlord  
  31  3:49  Drone  
  31  3:50  Zergling x2  
  31  3:52  Zergling x2  
  31  3:53  Hatchery  
  32  3:57  Zergling x2  
  32  3:58  Zergling x2  
  34  4:04  Spine Crawler  
  34  4:08  Spine Crawler  
  32  4:23  Zergling x2  
  32  4:24  Zergling x12  
  37  4:42  Drone x2  
  39  4:50  Lair  
  39  5:01  Drone x2  
  39  5:02  Drone, Overlord  
  39  5:03  Drone x2  
  39  5:04  Spore Crawler  
  43  5:16  Zergling x4  
  45  5:21  Spore Crawler, Drone x3  
  45  5:22  Drone x3  
  50  5:37  Drone  
  50  5:41  Extractor, Zerg Ground Armor Level 1  
  49  5:52  Drone  
  49  5:53  Drone x3  
  53  5:58  Extractor  
  53  6:01  Queen  
  53  6:02  Drone  
  53  6:03  Drone, Overlord  
  56  6:08  Spire  
  56  6:09  Drone x2  
  56  6:10  Drone  
  58  6:22  Pneumatized Carapace  
  58  6:25  Zergling x16  
  58  6:54  Zergling x4  
  60  6:56  Extractor  
  60  6:59  Queen  
  61  7:14  Zergling x22  
  72  7:16  Evolution Chamber  
  72  7:19  Spore Crawler  
  70  7:23  Zerg Flyer Weapons Level 1  
  70  7:24  Mutalisk x4  
  65  7:47  Mutalisk  
  65  7:48  Overlord  
  67  7:53  Mutalisk  
  67  7:55  Zergling x14  
  76  8:01  Mutalisk  
  76  8:09  Zergling x4  
  78  8:15  Hatchery  
  78  8:19  Mutalisk x2  
  67  8:32  Mutalisk  
  69  8:45  Zergling x20  
  70  8:55  Zergling x4  
  70  9:05  Mutalisk x5  
  67  9:22  Spine Crawler  
  67  9:23  Mutalisk  
  67  9:24  Mutalisk  
  50  9:32  Mutalisk  
  46  9:47  Overlord  
  41  9:52  Spawning Pool  
Tags
 
Add a new tag
Caveats
  • Supply blocks, unpowered buildings, or Contaminate may cause inaccurate times.
  • Supply counts are checked every 10 seconds.